[Event "Team 45 45 League T38"]
[Site "Internet Chess Club"]
[Date "2008.08.24"]
[Round "5"]
[White "Fidius"]
[Black "DFME"]
[Result "1-0"]
[WhiteElo "1978"]
[BlackElo "1957"]
[Opening "two knights defense: Fegatello attack"]
[ECO "C57"]
[Time "16:04:16"]
[TimeControl "2700+45"]

1. e4 e5 2. Nf3 Nc6 3. Bc4 Nf6 4. Ng5 d5 5. exd5 Nxd5 6. Nxf7 Kxf7 7. Qf3+ Ke6
8. Nc3 Nb4 9. a3 Nxc2+ 10. Kd1 Nxa1 11. Nxd5 Kd7 12. Re1 Bd6 13. Bb5+ c6 14.
Qf7+ Be7 15. Qf5+ Ke8 16. Qxe5 Bg4+ 17. f3 Be6 18. Qxe6 Qd7 19. Qxe7+ Qxe7 20.
Rxe7+ Kd8 21. b4 cxd5 22. Rd7+ Kc8 23. Rxg7 a5 24. Bb2 Nb3 25. Kc2 axb4 26. Kxb3
bxa3 27. Be5 a2 28. Rc7+ Kd8 29. Rd7+ Kc8 30. Bxh8 a1=Q 31. Bxa1 Rxa1 32. Rxd5
Rg1 33. Rg5 h6 34. Rg7 Rh1 35. h3 Rd1 36. d3 Rd2 37. Kc3 Rf2 38. Kd4 Re2 39. Kc5
Re5+ 40. Kc4 b6 41. d4 Rh5 42. Bc6 Kd8 43. d5 Rf5 44. Kb5 {Black resigns} 1-0

[Event "Team 45 45 League T38"]
[Site "Internet Chess Club"]
[Date "2008.08.24"]
[Round "5"]
[White "pishd"]
[Black "hewdondada"]
[Result "1-0"]
[WhiteElo "1796"]
[BlackElo "1853"]
[Opening "Queen's pawn, Mason variation"]
[ECO "D00"]
[Time "08:07:10"]
[TimeControl "2700+45"]

1. d4 d5 2. Bf4 Nc6 3. Nf3 Bg4 4. e3 e6 5. c4 Nf6 6. Nc3 Bb4 7. Rc1 Nh5 8. Be2
dxc4 9. Bg5 Qd5 10. Bh4 b5 11. h3 g5 12. hxg4 gxh4 13. gxh5 Qxh5 14. Ne5 {Black
resigns} 1-0

[Event "Team 45 45 League T38"]
[Site "Internet Chess Club"]
[Date "2008.08.22"]
[Round "5"]
[White "mugurelt"]
[Black "Bill-W"]
[Result "1-0"]
[WhiteElo "1742"]
[BlackElo "1674"]
[Opening "Nimzo-Indian defense"]
[ECO "E20"]
[Time "15:06:53"]
[TimeControl "2700+45"]

1. d4 Nf6 2. c4 e6 3. Nc3 Bb4 4. Bd2 O-O 5. Nf3 b6 6. a3 Bxc3 7. Bxc3 Ne4 8. e3
Nxc3 9. bxc3 Ba6 10. Bd3 Nc6 11. O-O Na5 12. Qc2 g6 13. Qa4 Qc8 14. h4 d5 15.
Ne5 Nxc4 16. Nc6 Qd7 17. Qxa6 Qxc6 18. Rfb1 Nd6 19. Rb3 Qb7 20. Qa4 Qc8 21. Rbb1
c5 22. Ba6 Qe8 23. Qd1 Qe7 24. h5 Ne4 25. Qc2 Qh4 26. Bd3 cxd4 27. hxg6 dxe3 28.
gxh7+ Kg7 29. fxe3 f5 30. Bxe4 fxe4 31. c4 Rac8 32. Qb2+ Kxh7 33. Rf1 Qg5 34.
Rae1 Rxf1+ 35. Rxf1 Qxe3+ 36. Kh1 Qh6+ 37. Kg1 Qg7 38. Qe2 Rf8 39. Qh5+ Qh6 40.
Qxh6+ Kxh6 41. Rxf8 Kg6 42. cxd5 exd5 43. Rd8 Kf5 44. Rxd5+ Kf4 45. Rd7 Ke3 46.
Rxa7 Kd2 47. Rb7 e3 48. Rxb6 e2 49. Re6 e1=Q+ 50. Rxe1 {Black resigns} 1-0

[Event "Team 45 45 League T38"]
[Site "Internet Chess Club"]
[Date "2008.08.22"]
[Round "5"]
[White "jacknor"]
[Black "RD1974"]
[Result "1-0"]
[WhiteElo "1615"]
[BlackElo "1563"]
[Opening "Sicilian: closed"]
[ECO "B23"]
[Time "13:18:31"]
[TimeControl "2700+45"]

1. e4 c5 2. Nc3 e6 3. f4 Nc6 4. Bb5 Nge7 5. Nf3 a6 6. Bxc6 Nxc6 7. O-O d5 8.
exd5 exd5 9. h3 Be7 10. d3 O-O 11. Qe1 Re8 12. Qf2 b5 13. Bd2 Bb7 14. d4 c4 15.
Ne2 Nb4 16. c3 Nd3 17. Qg3 Nxb2 18. f5 f6 19. Nf4 Bd6 20. Qg4 Re4 21. Rae1 Nd3
22. Rxe4 dxe4 23. Ne6 Qe7 24. Nh4 Bd5 25. Bh6 Bxe6 26. fxe6 g6 27. Nxg6 hxg6 28.
Qxg6+ Kh8 29. Rxf6 Qh7 30. Bg7+ Qxg7 31. Qh5+ Qh7 32. Rh6 Qxh6 33. Qxh6+ Kg8 34.
Qg6+ Kh8 35. Qxe4 Ra7 36. Qc6 Bg3 37. Qe8+ Kg7 38. e7 Bd6 39. Qf8+ Kh7 40. Qf7+
Kh6 41. Qf6+ Kh7 42. e8=Q {Black resigns} 1-0

[Event "Team 45 45 League T38"]
[Site "Internet Chess Club"]
[Date "2008.08.24"]
[Round "5"]
[White "Nosferatu1"]
[Black "natethegreat"]
[Result "1/2-1/2"]
[WhiteElo "1910"]
[BlackElo "1748"]
[Opening "QGD Slav: exchange variation"]
[ECO "D13"]
[Time "14:57:32"]
[TimeControl "2700+45"]

1. d4 Nf6 2. Nf3 d5 3. c4 c6 4. cxd5 cxd5 5. Bf4 Bf5 6. e3 e6 7. Bb5+ Nbd7 8.
O-O Be7 9. Nc3 O-O 10. h3 a6 11. Be2 Ne4 12. Ne5 Nxc3 13. bxc3 Rc8 14. Qb3 Nxe5
15. Bxe5 Qd7 16. c4 dxc4 17. Bxc4 Be4 18. Bd3 Bd5 19. Qb2 Qc6 20. Rfc1 Qa4 21.
Bc2 Qb4 22. Bb3 a5 23. Rxc8 Rxc8 24. Rb1 {Game drawn by mutual agreement}
1/2-1/2

[Event "Team 45 45 League T38"]
[Site "Internet Chess Club"]
[Date "2008.08.26"]
[Round "5"]
[White "vkpanch"]
[Black "Rlopez"]
[Result "1-0"]
[WhiteElo "1718"]
[BlackElo "1704"]
[Opening "Sicilian defense"]
[ECO "B33"]
[Time "21:01:29"]
[TimeControl "2700+45"]

1. e4 c5 2. Nf3 Nc6 3. d4 cxd4 4. Nxd4 Nf6 5. Nc3 a6 6. Nxc6 bxc6 7. e5 Ng8 8.
Bd3 Qa5 9. f4 g6 10. Qe2 Bg7 11. Bd2 Qb6 12. Rb1 f6 13. exf6 Nxf6 14. f5 gxf5
15. Bxf5 O-O 16. Be3 Qc7 17. O-O e6 18. Bd3 d5 19. Bd4 c5 20. Bxf6 Rxf6 21. Qh5
Rg6 22. Bxg6 hxg6 23. Qxg6 Qe7 24. Rbe1 d4 25. Nd5 Qh4 26. Nf6+ Kh8 27. Qe8+
{Black resigns} 1-0

[Event "Team 45 45 League T38"]
[Site "Internet Chess Club"]
[Date "2008.08.20"]
[Round "5"]
[White "AVEMARIA"]
[Black "avila"]
[Result "1/2-1/2"]
[WhiteElo "1742"]
[BlackElo "1766"]
[Opening "French: Rubinstein variation"]
[ECO "C03"]
[Time "17:01:54"]
[TimeControl "2700+45"]

1. e4 e6 2. d4 d5 3. Nd2 dxe4 4. Nxe4 Nd7 5. Nf3 Ngf6 6. Bd3 b6 7. O-O Bb7 8.
Re1 Be7 9. c3 O-O 10. Bg5 Nxe4 11. Bxe7 Qxe7 12. Bxe4 Bxe4 13. Rxe4 Nf6 14. Re2
Rfd8 15. Ne5 Qd6 16. Qa4 Nd5 17. g3 c5 18. Rae1 Ne7 19. dxc5 Qxc5 20. Qf4 f6 21.
Ng4 Nd5 22. Qf3 e5 23. Rd1 Rd6 24. Ne3 Rad8 25. Red2 Nxe3 26. Rxd6 Rxd6 27. Rxd6
Qxd6 28. fxe3 Qd7 29. c4 Kf8 30. b4 Qa4 31. Qa8+ Kf7 32. Qb7+ Kf8 {Game drawn by
mutual agreement} 1/2-1/2

[Event "Team 45 45 League T38"]
[Site "Internet Chess Club"]
[Date "2008.08.25"]
[Round "5"]
[White "Caminator"]
[Black "hondocando"]
[Result "1-0"]
[WhiteElo "1395"]
[BlackElo "1681"]
[Opening "King's pawn game"]
[ECO "C50"]
[Time "20:53:34"]
[TimeControl "2700+45"]

1. e4 e5 2. Nf3 Nc6 3. Bc4 d6 4. h3 h6 5. Nc3 Nf6 6. d3 Bd7 7. Be3 Na5 8. Bb3
Be7 9. Qd2 c6 10. Bc4 Nxc4 11. dxc4 a6 12. O-O Nh7 13. Rad1 Be6 14. c5 dxc5 15.
Qxd8+ Rxd8 16. Rxd8+ Kxd8 17. Nxe5 Nf6 18. f4 Nd7 19. Rd1 g6 20. f5 gxf5 21.
exf5 Kc7 22. fxe6 Nxe5 23. Bf4 Bd6 24. Bxe5 Bxe5 25. exf7 Rf8 26. Rf1 Kd7 27.
Ne4 b6 28. Nf6+ Ke6 29. Ng8 Bg7 30. Re1+ Kxf7 31. Ne7 Re8 32. c3 Rxe7 33. Rd1
Ke6 34. Rd8 Rd7 35. Rc8 Rd1+ 36. Kf2 Kd7 37. Ra8 Kd6 38. Rd8+ Ke6 39. Rxd1 b5
40. Rd8 b4 41. cxb4 cxb4 42. b3 a5 43. Ra8 Bd4+ 44. Kf3 c5 45. Rxa5 Kf5 46. Ra6
h5 47. g4+ hxg4+ 48. hxg4+ Kg5 49. Rd6 Bg1 50. Rd1 Bd4 51. Rxd4 cxd4 52. Ke4
Kxg4 53. Kxd4 Kf5 54. Kc4 Ke6 55. Kxb4 Kd7 56. Kc5 Kc7 57. b4 Kb7 58. Kb5 Ka7
59. Kc6 Kb8 60. b5 Kc8 61. b6 Kb8 62. b7 Ka7 63. Kc7 {Black resigns} 1-0

[Event "Team 45 45 League T38"]
[Site "Internet Chess Club"]
[Date "2008.08.25"]
[Round "5"]
[White "thecheckmater"]
[Black "chipionero"]
[Result "1/2-1/2"]
[WhiteElo "1705"]
[BlackElo "1714"]
[Opening "Sicilian: Najdorf"]
[ECO "B90"]
[Time "15:00:21"]
[TimeControl "2700+45"]

1. e4 c5 2. Nf3 d6 3. d4 cxd4 4. Nxd4 Nf6 5. Nc3 a6 6. f3 e5 7. Nb3 Be6 8. Be3
Nbd7 9. Qd2 Be7 10. O-O-O O-O 11. h4 Qc7 12. g4 Rfc8 13. h5 Nb6 14. g5 Nfd7 15.
g6 Nf6 16. h6 fxg6 17. hxg7 Nc4 18. Bxc4 Qxc4 19. Bg5 h5 20. Bxf6 Bxf6 21. Qh6
Bxg7 22. Qxg6 Bf7 23. Qxd6 b5 24. Rhg1 Rc6 25. Qxe5 Rg6 26. Rxg6 Bxg6 27. Qd5+
Qxd5 28. Nxd5 Rf8 29. Ne7+ Kf7 30. Nxg6 Kxg6 31. Rd3 h4 32. Nc5 h3 33. f4 h2 34.
f5+ Kf7 35. Rd1 Bh6+ 36. Kb1 Be3 {Game drawn by mutual agreement} 1/2-1/2

[Event "Team 45 45 League T38"]
[Site "Internet Chess Club"]
[Date "2008.08.25"]
[Round "5"]
[White "alexcluster"]
[Black "jessecai"]
[Result "1/2-1/2"]
[WhiteElo "1662"]
[BlackElo "1653"]
[Opening "Queen's pawn game, Darooha variation "]
[ECO "D02"]
[Time "16:00:07"]
[TimeControl "2700+45"]

1. d4 d5 2. Nf3 Nf6 3. g3 e6 4. Bg2 b6 5. O-O Nbd7 6. a3 Bb7 7. c3 Be7 8. Nbd2
O-O 9. b3 Rc8 10. Bb2 c5 11. Rc1 a6 12. Re1 Re8 13. Nf1 Bd6 14. N3d2 e5 15. Ne3
exd4 16. cxd4 Nf8 17. Nf5 Bb8 18. e3 Ne6 19. b4 c4 20. Bc3 b5 {Game drawn by
mutual agreement} 1/2-1/2

[Event "Team 45 45 League T38"]
[Site "Internet Chess Club"]
[Date "2008.08.24"]
[Round "5"]
[White "foodfight"]
[Black "Dbronstein06"]
[Result "0-1"]
[WhiteElo "1536"]
[BlackElo "1687"]
[Opening "King's Indian, 3.Nf3"]
[ECO "E60"]
[Time "14:02:59"]
[TimeControl "2700+45"]

1. d4 Nf6 2. c4 g6 3. Nf3 Bg7 4. g3 O-O 5. Bg2 d6 6. O-O Nbd7 7. Qc2 e5 8. Rd1
exd4 9. Nxd4 Nh5 10. Be3 Ne5 11. c5 Ng4 12. cxd6 Nxe3 13. fxe3 Qxd6 14. Nf5 Bxf5
15. e4 Qb6+ 16. Kh1 Bxb2 17. exf5 Bxa1 18. Nc3 Bxc3 19. Qxc3 Rad8 20. Rf1 Nf6
21. fxg6 fxg6 22. h4 Nh5 23. Rxf8+ Rxf8 24. Bd5+ Rf7 25. Qe5 Qf2 26. Qe8+ Kg7
27. Bxf7 Nxg3# {White checkmated} 0-1

[Event "Team 45 45 League T38"]
[Site "Internet Chess Club"]
[Date "2008.08.31"]
[Round "5"]
[White "Gregorio"]
[Black "pestka"]
[Result "1/2-1/2"]
[WhiteElo "2066"]
[BlackElo "2228"]
[Opening "Sicilian: Labourdonnais-Löwenthal (Kalashnikov) variation"]
[ECO "B32"]
[Time "15:32:12"]
[TimeControl "2700+45"]

1. e4 c5 2. Nf3 Nc6 3. d4 cxd4 4. Nxd4 e5 5. Nb5 d6 6. N1c3 a6 7. Na3 Be6 8. Nc4
Rc8 9. Nd5 Bxd5 10. exd5 Nb8 11. Bd3 Nf6 12. O-O Be7 13. Ne3 O-O 14. c4 Nbd7 15.
Nf5 Re8 16. Nxe7+ Qxe7 17. f3 h6 18. Re1 Qd8 19. Be3 Nc5 20. Bf5 Rc7 21. b4 Ncd7
22. c5 dxc5 23. Rc1 cxb4 24. Qb3 Rxc1 25. Rxc1 Nb6 26. d6 Qxd6 27. Bc5 Qc6 28.
Be3 Qd6 29. Bc5 Qc6 30. Be3 Qd6 {Game drawn by repetition} 1/2-1/2

[Event "Team 45 45 League T38"]
[Site "Internet Chess Club"]
[Date "2008.08.26"]
[Round "5"]
[White "eurander"]
[Black "Petrozjan"]
[Result "1/2-1/2"]
[WhiteElo "2180"]
[BlackElo "2137"]
[Opening "Queen's pawn game, Chigorin variation"]
[ECO "D02"]
[Time "15:31:16"]
[TimeControl "2700+45"]

1. d4 d5 2. Nf3 Nc6 3. c3 Nf6 4. Bg5 Ne4 5. Bf4 Bf5 6. Nbd2 e6 7. Nxe4 Bxe4 8.
Ne5 Nxe5 9. Bxe5 Qd7 10. Qb3 c6 11. e3 h6 12. f3 Bg6 13. O-O-O a5 14. Bd3 Bxd3
15. Rxd3 a4 16. Qc2 f6 17. Bg3 Bd6 18. Qf2 Kf7 19. e4 Rhe8 20. Re1 Kg8 21. e5
fxe5 22. Bxe5 b6 23. g4 a3 24. b3 c5 25. Qg3 Bxe5 26. Qxe5 Qc6 27. Rd2 b5 28. g5
hxg5 29. Rg1 cxd4 30. Qxd4 Rac8 31. Kc2 Re7 32. Rxg5 Rec7 33. Rd3 Qd6 34. f4 b4
35. Rgg3 bxc3 36. Rg2 Rf7 37. Rdg3 Rcc7 {Game drawn by mutual agreement} 1/2-1/2

[Event "Team 45 45 League T38"]
[Site "Internet Chess Club"]
[Date "2008.08.25"]
[Round "5"]
[White "Harmonicus"]
[Black "tourettes"]
[Result "0-1"]
[WhiteElo "1856"]
[BlackElo "1756"]
[Opening "Bishop's opening: Berlin defense"]
[ECO "C24"]
[Time "09:13:21"]
[TimeControl "2700+45"]

1. e4 e5 2. Bc4 Nf6 3. d3 Be7 4. Nc3 O-O 5. f4 d6 6. Nf3 Nc6 7. O-O a6 8. a3 Bg4
9. Qe1 Bxf3 10. gxf3 Nh5 11. f5 Nd4 12. Qd1 Bg5 13. Kh1 Nf4 14. Bxf4 Bxf4 15.
Nd5 Qh4 16. Nxf4 Qxf4 17. c3 Nc6 18. Rg1 Qe3 19. Qf1 Kh8 20. Qg2 Qh6 21. Qg4 Qf6
22. Rg3 g6 23. Rh3 Ne7 24. Rg1 c6 25. Rh6 Kg7 26. Qh3 Rh8 27. Rg3 d5 28. Bb3
Rad8 29. fxg6 fxg6 30. Qh4 Qxh4 31. Rxh4 dxe4 32. fxe4 Rdf8 33. Kg2 Rf6 34. Rf3
Rhf8 35. Rhh3 h6 36. d4 exd4 37. cxd4 g5 38. Rhg3 Ng6 39. Rxf6 Rxf6 40. e5 Nh4+
41. Kg1 Rf4 42. d5 Nf3+ 43. Kg2 Nxe5 44. Re3 Kf6 45. Kg3 Rd4 46. dxc6 bxc6 47.
Rc3 Rd3+ 48. Rxd3 Nxd3 49. Bc4 Nc5 50. Kf3 a5 51. Be2 Ne6 52. Ke4 Nf4 {White
forfeits on time} 0-1

[Event "Team 45 45 League T38"]
[Site "Internet Chess Club"]
[Date "2008.08.25"]
[Round "5"]
[White "crankn8tr"]
[Black "jakesnake"]
[Result "0-1"]
[WhiteElo "1602"]
[BlackElo "1834"]
[Opening "Scotch game"]
[ECO "C45"]
[Time "22:04:59"]
[TimeControl "2700+45"]

1. e4 e5 2. Nf3 Nc6 3. d4 exd4 4. Nxd4 Nxd4 5. Qxd4 d6 6. Nc3 c6 7. Bf4 Qb6 8.
O-O-O Qxd4 9. Rxd4 Be6 10. Bxd6 O-O-O 11. e5 Ne7 12. Bc4 Nf5 13. Bxe6+ fxe6 14.
Rd3 Bxd6 15. exd6 Rxd6 16. Rxd6 Nxd6 17. Re1 Re8 18. b3 Kc7 19. f4 b5 20. Kd2 a5
21. a4 Kb6 22. Re5 g6 23. axb5 cxb5 24. Re3 a4 25. bxa4 Nc4+ {White resigns} 0-1

[Event "Team 45 45 League T38"]
[Site "Internet Chess Club"]
[Date "2008.08.30"]
[Round "5"]
[White "Beddathanme"]
[Black "PaulKaspar"]
[Result "0-1"]
[WhiteElo "1836"]
[BlackElo "1866"]
[Opening "Caro-Kann: anti-Caro-Kann defense"]
[ECO "B10"]
[Time "21:57:35"]
[TimeControl "2700+45"]

1. e4 c6 2. c4 e5 3. Nf3 Bd6 4. Nc3 Bc7 5. d4 d6 6. dxe5 dxe5 7. Qxd8+ Kxd8 8.
Bg5+ f6 9. O-O-O+ Ke8 10. Be3 Ne7 11. Be2 Kf7 12. h3 Be6 13. g4 Rd8 14. g5 Rxd1+
15. Rxd1 Nd7 16. gxf6 gxf6 17. Na4 b6 18. c5 b5 19. Nc3 Rd8 20. a3 a5 21. b4
axb4 22. axb4 Ra8 23. Kb2 Nb8 24. Bxb5 cxb5 25. Nxb5 Na6 26. Ra1 Rb8 27. Rxa6
Rxb5 28. Kc3 Bxh3 29. Kc4 Bf1+ 30. Kb3 Rxb4+ 31. Kxb4 Bxa6 32. Nd2 Nc6+ 33. Ka4
{White resigns} 0-1

[Event "Team 45 45 League T38"]
[Site "Internet Chess Club"]
[Date "2008.08.25"]
[Round "5"]
[White "netshooter"]
[Black "aifan376"]
[Result "1-0"]
[WhiteElo "1839"]
[BlackElo "1632"]
[Opening "French: Tarrasch, open variation, main line"]
[ECO "C09"]
[Time "13:00:09"]
[TimeControl "2700+45"]

1. e4 e6 2. d4 d5 3. Nd2 c5 4. exd5 exd5 5. Ngf3 Nc6 6. Bb5 Qb6 7. Qe2+ Be7 8.
dxc5 Qxc5 9. Nb3 Qd6 10. O-O a6 11. Bd3 Nb4 12. Be3 Nxd3 13. Qxd3 Be6 14. Nc5
Qc6 15. Ne5 Qc7 16. Qc3 Bxc5 17. Bxc5 Rc8 18. Nd3 Nf6 19. Qd4 Rg8 20. Rfe1 Ne4
21. Bb6 Qc4 22. Qe5 Qb5 23. Bd4 Rxc2 24. Nf4 Kd7 25. f3 Nf6 26. Nxe6 fxe6 27.
Qxe6+ {Black forfeits on time} 1-0

[Event "Team 45 45 League T38"]
[Site "Internet Chess Club"]
[Date "2008.08.24"]
[Round "5"]
[White "Fezzik"]
[Black "Eskake"]
[Result "1/2-1/2"]
[WhiteElo "1963"]
[BlackElo "2012"]
[Opening "Queen's pawn game"]
[ECO "D02"]
[Time "14:01:29"]
[TimeControl "2700+45"]

1. Nf3 d5 2. d4 e6 3. c4 c6 4. Qc2 f5 5. Bf4 Nf6 6. e3 Bd6 7. Ne5 O-O 8. Nd2 Qe7
9. g3 Nbd7 10. Bg2 Ne4 11. O-O g5 12. Nxd7 Bxd7 13. Bxd6 Qxd6 14. Nf3 Be8 15.
Ne5 Nf6 16. c5 Qe7 17. b4 h5 18. f4 Ng4 19. Qd2 Nxe5 20. dxe5 h4 21. fxg5 Qxg5
22. Qf2 hxg3 23. Qxg3 Qxg3 24. hxg3 Bh5 25. Kf2 Kf7 26. Rh1 Rh8 27. Rh4 Bg4 28.
Rah1 Kg7 29. Bf3 Rxh4 30. Rxh4 Bxf3 31. Kxf3 b6 32. g4 fxg4+ 33. Rxg4+ Kf7 34.
Rf4+ Ke7 35. Rh4 Rf8+ 36. Rf4 Rh8 37. Rg4 Rh7 38. Kg3 Rf7 39. Rh4 {Game drawn by
mutual agreement} 1/2-1/2

[Event "Team 45 45 League T38"]
[Site "Internet Chess Club"]
[Date "2008.08.25"]
[Round "5"]
[White "lluisdp"]
[Black "DavidBarnsley"]
[Result "1/2-1/2"]
[WhiteElo "1929"]
[BlackElo "2045"]
[Opening "Dutch"]
[ECO "A80"]
[Time "15:40:42"]
[TimeControl "2700+45"]

1. d4 f5 2. Nf3 e6 3. Bf4 Nf6 4. e3 b6 5. h3 Bb7 6. Nbd2 Bd6 7. Ne5 O-O 8. Rg1
Nc6 9. g4 Nd5 10. Bh2 fxg4 11. Qxg4 Qf6 12. Ne4 Qe7 13. O-O-O Nf6 14. Nxf6+ Rxf6
15. f4 Nb4 16. c3 Bxe5 17. fxe5 Rg6 18. Qh5 Rxg1 19. Bxg1 g6 20. Qh6 Nxa2+ 21.
Kb1 Nxc3+ 22. bxc3 Qa3 23. Bd3 Qb3+ 24. Kc1 Qxc3+ 25. Kb1 Qb3+ 26. Kc1 Qc3+
{Game drawn by mutual agreement} 1/2-1/2

[Event "Team 45 45 League T38"]
[Site "Internet Chess Club"]
[Date "2008.08.25"]
[Round "5"]
[White "Knight77"]
[Black "nodoyuna"]
[Result "1-0"]
[WhiteElo "1892"]
[BlackElo "1829"]
[Opening "Réti: King's Indian attack (Barcza system)"]
[ECO "A07"]
[Time "10:09:08"]
[TimeControl "2700+45"]

1. Nf3 d5 2. g3 Nf6 3. Bg2 e6 4. O-O Be7 5. d3 Nbd7 6. Nbd2 O-O 7. e4 dxe4 8.
dxe4 Rb8 9. Qe2 b6 10. Rd1 Bb7 11. e5 Ne8 12. Ne4 Qc8 13. Bf4 Bxe4 14. Qxe4 Nc5
15. Qc6 Qb7 16. Nd4 Qc8 17. b4 Nb7 18. Nb5 Bxb4 19. Nxa7 Na5 20. Qa4 Qa6 21. Nc6
Qc4 22. Qxb4 Qxb4 23. Nxb4 c5 24. Nc6 Nxc6 25. Bxc6 Nc7 26. Rd7 Na6 27. c3 c4
28. Rad1 Nc5 29. R7d4 b5 30. Rb1 Na4 31. Bd2 f5 32. Rxb5 Rxb5 33. Bxb5 Nb6 34.
Rd6 Rb8 35. Rxe6 Kf7 36. Rd6 h6 37. Be3 Nc8 38. Bxc4+ Ke8 39. Re6+ {Black
resigns} 1-0

[Event "Team 45 45 League T38"]
[Site "Internet Chess Club"]
[Date "2008.08.21"]
[Round "5"]
[White "bobhill"]
[Black "chiiwen"]
[Result "0-1"]
[WhiteElo "2058"]
[BlackElo "2111"]
[Opening "King's Indian: Torre attack"]
[ECO "A48"]
[Time "22:17:25"]
[TimeControl "2700+45"]

1. d4 Nf6 2. Nf3 g6 3. Bg5 Ne4 4. Bh4 Bg7 5. c3 d5 6. Nbd2 Nd6 7. e3 O-O 8. Be2
c6 9. Qb3 Qe8 10. Bg3 Nd7 11. c4 dxc4 12. Nxc4 Nxc4 13. Bxc4 Nb6 14. Be2 Be6 15.
Qc2 Rc8 16. O-O c5 17. dxc5 Na4 18. c6 Qxc6 19. Qxc6 Rxc6 20. Bb5 Nxb2 21. Bxc6
bxc6 22. Nd4 Bd5 23. Rab1 Nc4 24. Rfd1 Na3 25. Rb7 Bxd4 26. exd4 Nb5 27. Rxe7
Bxa2 28. Bh4 Kg7 29. f3 Bd5 30. Bf2 Ra8 31. Rde1 Kf8 32. Rb7 a5 33. Be3 Nd6 34.
Bh6+ Kg8 35. Rb2 Nf5 36. Be3 a4 37. g4 a3 38. Rbb1 Nh4 39. Kf2 Nxf3 40. Re2 a2
41. Ra1 Nxh2 42. Kg3 Nf1+ 43. Kf2 Nxe3 44. Rxe3 Ra4 45. Re8+ Kg7 46. Ke3 Rb4 47.
Kd3 Rb1 48. Re1 Rb3+ 49. Kc2 Rg3 50. Rg1 Rh3 51. g5 Rf3 52. Rae1 Rf2+ 53. Kc3
Be6 54. Re5 Rf3+ 55. Kb2 Rb3+ 56. Ka1 Rd3 57. Re4 Bd5 58. Rf4 h6 59. gxh6+ Kxh6
60. Rh4+ Kg7 61. Rf4 f6 62. Kb2 Rb3+ 63. Ka1 Rb7 64. Rh4 g5 65. Rxg5+ fxg5 66.
Rh7+ Kg6 67. Rxb7 g4 68. Re7 g3 69. Re1 g2 70. Kb2 Kg5 71. Kc3 Kf4 72. Kd2 Kf3
73. Re3+ Kf2 74. Re2+ Kg3 75. Re1 Kh2 76. Kc3 g1=Q 77. Rxg1 Kxg1 78. Kb2 Kf2 79.
Ka1 Ke3 80. Kb2 Kxd4 81. Ka1 Kd3 82. Kb2 Kd2 83. Ka1 c5 84. Kb2 a1=Q+ 85. Kxa1
c4 {White resigns} 0-1

[Event "Team 45 45 League T38"]
[Site "Internet Chess Club"]
[Date "2008.08.21"]
[Round "5"]
[White "KarloTurk"]
[Black "Beetlejuice"]
[Result "1/2-1/2"]
[WhiteElo "1992"]
[BlackElo "1938"]
[Opening "Levitsky attack (Queen's bishop attack)"]
[ECO "D00"]
[Time "13:02:11"]
[TimeControl "2700+45"]

1. d4 d5 2. Bg5 h6 3. Bh4 c6 4. e3 Qb6 5. Qc1 Bf5 6. Nf3 Nd7 7. c4 dxc4 8. Bxc4
e6 9. O-O Ngf6 10. Nc3 Bd6 11. Bg3 Bxg3 12. hxg3 O-O 13. Rd1 Qc7 14. b3 Rfd8 15.
Qb2 Nb6 16. Ne5 Nxc4 17. bxc4 c5 18. Nb5 Qb6 19. a4 cxd4 20. a5 Qc5 21. exd4 Qe7
22. a6 bxa6 23. Rxa6 Qb7 24. Rda1 Rf8 25. Rxa7 Rxa7 26. Rxa7 Qe4 27. Kf1 Ne8 28.
f3 Qe3 29. Qc3 Qxc3 30. Nxc3 f6 31. Nd7 Rf7 32. Ke2 e5 33. Nxf6+ gxf6 34. Rxf7
Kxf7 35. dxe5 fxe5 36. Nb5 Ke6 37. Ke3 Nd6 38. Na3 Nb7 39. f4 e4 40. g4 Bxg4 41.
Kxe4 h5 42. Nb5 Nd6+ 43. Nxd6 Kxd6 44. f5 Be2 45. Kf4 Bxc4 46. Kg5 Bf7 47. g4
hxg4 48. Kxg4 {Game drawn by mutual agreement} 1/2-1/2

[Event "Team 45 45 League T38"]
[Site "Internet Chess Club"]
[Date "2008.08.24"]
[Round "5"]
[White "A-Ru"]
[Black "QueensCounselor"]
[Result "1-0"]
[WhiteElo "1834"]
[BlackElo "1876"]
[Opening "Pirc: classical (two knights) system"]
[ECO "A48"]
[Time "15:07:17"]
[TimeControl "2700+45"]

1. d4 Nf6 2. Nf3 g6 3. Nc3 Bg7 4. e4 d6 5. Be3 O-O 6. Qd2 Re8 7. O-O-O Nc6 8.
Bf4 Bg4 9. Be2 e5 10. dxe5 dxe5 11. Qxd8 Raxd8 12. Rxd8 Rxd8 13. Nxe5 Bxe2 14.
Nxc6 bxc6 15. Nxe2 Nxe4 16. f3 Nd6 17. c3 Re8 18. Ng3 f5 19. Rd1 Be5 20. Bxe5
Rxe5 21. b3 Kf7 22. Kd2 Rd5+ 23. Kc2 Ke6 24. Ne2 Rxd1 25. Kxd1 Kd5 26. Kd2 c5
27. c4+ Ke5 28. Nc1 Kd4 29. Ne2+ Ke5 30. Ke3 c6 31. Nf4 Nb7 32. Nd3+ Kf6 33. f4
Ke6 34. Ne5 Nd8 35. Nf3 h6 36. h4 a5 37. h5 gxh5 38. Ne5 Ke7 39. Kf3 Ke6 40. Kg3
Nb7 41. Nxc6 Kf6 42. Kh4 Kg6 43. Ne5+ Kg7 44. Kxh5 Nd6 45. Nc6 Nb7 46. Ne7 Nd6
47. Nd5 Nb7 48. Nc7 Nd8 49. Ne8+ Kh7 50. Nd6 Ne6 51. g3 Nd4 52. Nb7 Ne2 53. Kh4
Nc1 54. Nxc5 Nxa2 55. Nb7 a4 56. bxa4 Nb4 57. Nd6 Kg6 58. Nb5 Nc6 59. Nc3 Kf6
60. Nd5+ Kg6 61. Ne3 Na5 62. c5 Nc6 63. Nc4 Kg7 64. a5 Nb4 65. Ne5 {Black
resigns} 1-0

[Event "Team 45 45 League T38"]
[Site "Internet Chess Club"]
[Date "2008.08.24"]
[Round "5"]
[White "Rainbird"]
[Black "Kalhalla"]
[Result "1-0"]
[WhiteElo "1810"]
[BlackElo "1732"]
[Opening "English opening"]
[ECO "A10"]
[Time "12:01:40"]
[TimeControl "2700+45"]

1. c4 g6 2. g3 Bg7 3. Bg2 Nf6 4. Nc3 O-O 5. d3 e5 6. e4 a6 7. Nge2 d6 8. O-O Nh5
9. Be3 h6 10. Qd2 Kh7 11. Nd5 Nd7 12. Rae1 c6 13. Ndc3 b6 14. f4 Qc7 15. f5 g5
16. Kh1 Bb7 17. Bf3 Nhf6 18. g4 Ng8 19. Ng3 f6 20. h4 Rad8 21. Qh2 gxh4 22. Qxh4
Nc5 23. Rd1 b5 24. b4 Na4 25. Nxa4 bxa4 26. Rd2 d5 27. g5 fxg5 28. Bxg5 Bf6 29.
Bxf6 Rxf6 30. cxd5 cxd5 31. exd5 Bxd5 32. Bxd5 Rxd5 33. Ne4 Rf8 34. Ng5+ Kh8 35.
Ne6 Qb7 36. Qe4 Rf6 37. Rg1 Rb5 38. Rdg2 Qxe4 39. dxe4 Rb8 40. a3 Rf7 41. Nc5
Ra8 42. Nxa6 Rxa6 43. Rxg8+ Kh7 44. Re8 Rd6 45. Rgg8 Rff6 46. Rh8+ Kg7 47. Reg8+
Kf7 48. Rf8+ Kg7 49. Rxf6 Rxf6 50. Re8 Rc6 51. Rxe5 Rc3 52. Ra5 Rxa3 53. e5 h5
54. Ra7+ Kh6 55. e6 Kg5 56. e7 Re3 57. b5 Kxf5 58. b6 a3 59. b7 Rxe7 60. b8=Q
Rxa7 61. Qxa7 Kg4 62. Qxa3 h4 63. Kh2 {Black resigns} 1-0

[Event "Team 45 45 League T38"]
[Site "Internet Chess Club"]
[Date "2008.08.24"]
[Round "5"]
[White "Despair"]
[Black "up-pup"]
[Result "1/2-1/2"]
[WhiteElo "1905"]
[BlackElo "1803"]
[Opening "Benko's opening"]
[ECO "A00"]
[Time "08:30:23"]
[TimeControl "2700+45"]

1. g3 d5 2. Bg2 c6 3. Nf3 Nf6 4. d4 e6 5. Bg5 Bd6 6. Nbd2 Nbd7 7. e4 Be7 8. e5
Ng8 9. Bxe7 Nxe7 10. O-O O-O 11. c4 c5 12. cxd5 Nxd5 13. dxc5 Nxc5 14. Nb3 Nxb3
15. Qxb3 Qb6 16. Qxb6 axb6 17. Rfd1 Bd7 18. Nd4 Bc6 19. a3 Rfd8 20. Rac1 Rac8
21. Rd2 Ne7 22. Nxc6 Nxc6 23. Rcd1 Rxd2 24. Rxd2 Nxe5 25. Bxb7 Rc1+ 26. Kg2 Kf8
27. f4 Nc4 28. Re2 {Game drawn by mutual agreement} 1/2-1/2